 Dungeon Crawl Stone Soup version 0.22-a0-417-g1387785 (webtiles) character file.

95 Kairos the Chopper (level 4, 0/34 HPs)
             Began as a Demonspawn Gladiator on May 14, 2018.
             Was an Initiate of Okawaru.
             Slain by an orc wizard
             ... wielding a +0 dagger
              (2 damage)
             ... on level 3 of the Dungeon.
             The game lasted 00:03:01 (2130 turns).

Kairos the Chopper (Demonspawn Gladiator)           Turns: 2130, Time: 00:03:01

Health: 0/34       AC:  7    Str: 18 (20) XL:     4   Next: 39%
Magic:  4/4        EV: 10    Int: 15 (18) God:    Okawaru [......]
Gold:   127        SH:  0    Dex: 13 (14) Spells: 3/3 levels left

rFire    . . .     SeeInvis .   a - +0 war axe
rCold    . . .     Gourm    .   i - +0 buckler
rNeg     . . .     Faith    .   p - +0 ring mail
rPois    .         Spirit   .   m - +1 helmet {Int+3}
rElec    .         Reflect  .   (no cloak)
rCorr    .         Harm     .   (no gloves)
MR       .....                  (no boots)
Stlth    ..........             (no amulet)
HPRegen  0.11/turn              (no ring)
MPRegen  0.09/turn              (no ring)

@: confused, mighty, brilliant, heavily drained
A: powered by pain 2
a: Renounce Religion


You were on level 3 of the Dungeon.
You worshipped Okawaru.
Okawaru was noncommittal.
You were hungry.

You visited 1 branch of the dungeon, and saw 3 of its levels.

You collected 127 gold pieces.

Inventory:

Hand Weapons
 a - a +0 war axe (weapon)
Missiles
 d - 3 throwing nets (quivered)
Armour
 b - a +0 leather armour
 c - a +0 helmet
 i - a +0 buckler (worn)
 m - a +1 helmet of intelligence (worn)
 p - a +0 ring mail (worn)
Scrolls
 e - 3 scrolls of identify {unknown}
 k - a scroll of enchant armour {unknown}
 l - a scroll of amnesia {unknown}
 n - a scroll of fear {unknown}
 o - a scroll of magic mapping {unknown}
Potions
 g - a potion of brilliance
 j - a potion of degeneration
Comestibles
 f - 3 rations


   Skills:
 + Level 2.4(0.6) Fighting
 + Level 4.0(2.1) Axes
 + Level 1.8(0.1) Throwing
 + Level 0.6(0.0) Armour
 + Level 3.2(1.4) Dodging
 + Level 0.2(0.0) Shields


You had 3 spell levels left.
You didn't know any spells.
Your spell library was empty.

Dungeon Overview and Level Annotations

Branches:
Dungeon (3/15)

Altars:
Okawaru
Ru
Uskayaw

Annotations:
D:3 Kairos's ghost, amateur BaFi


Innate Abilities, Weirdness & Mutations

You sometimes gain power by taking damage.


Message History

Unknown command.
You are too injured to fight recklessly!
Unknown command.
You are too injured to fight recklessly!
Unknown command.
You are too injured to fight recklessly!
It was a potion of brilliance.
You feel clever all of a sudden. The orc hits you.
The orc wizard barely misses you. The worm bites you but does no damage.
It was a potion of degeneration.
There was something very wrong with that liquid.
You feel weakened.
You feel dopey.
You feel clumsy. The orc hits you. The orc wizard barely misses you.
It was a potion of might.
You feel very mighty all of a sudden. The orc hits you but does no damage.
The worm bites you!
* * * LOW HITPOINT WARNING * * *
The orc wizard hits you with a dagger.
You die...

# ## #. .# #.
.# #.. .# #
#..##.#.##..
.#.#..w†.......
......o@.#
......o........
..............#
..######.#.####
. .#... .# ###
.# .#


You could see a worm, an orc wizard and an orc.

Vanquished Creatures
  Robin (D:2)
  A howler monkey skeleton (D:2)
  An adder (D:2)
  A worm (D:2)
  A dart slug (D:1)
  2 leopard geckos (D:2)
  An orc (D:3)
  5 bats
  4 giant cockroaches
  13 goblins
  7 hobgoblins
  A ball python (D:3)
  5 frilled lizards
  7 kobolds
  5 rats
55 creatures vanquished.

Notes
Turn   | Place    | Note
-------+----------+-------------------------------------------
     0 | D:1      | Kairos the Demonspawn Gladiator began the quest for the Orb.
     0 | D:1      | Reached XP level 1. HP: 16/16 MP: 1/1
   284 | D:1      | Gained mutation: You sometimes gain a little power by taking damage. [demonic ancestry]
   284 | D:1      | Reached XP level 2. HP: 16/22 MP: 2/2
   306 | D:1      | Reached skill level 3 in Axes
   699 | D:2      | Gained mutation: You sometimes gain power by taking damage. [demonic ancestry]
   699 | D:2      | Reached XP level 3. HP: 27/27 MP: 3/3
   710 | D:2      | Noticed Robin
   711 | D:2      | Noticed a hand axe
   713 | D:2      | Noticed a dagger
  1062 | D:2      | Killed Robin
  1087 | D:2      | Reached XP level 4. HP: 13/33 MP: 4/4
  1292 | D:2      | Found a hide-covered altar of Uskayaw.
  1382 | D:2      | Found an iron altar of Okawaru.
  1391 | D:2      | Became a worshipper of Warmaster Okawaru
  1567 | D:2      | Found a sacrificial altar of Ru.
  1682 | D:3      | Noticed Kairos's ghost (amateur BaFi)
  2126 | D:3      | Reached skill level 4 in Axes
  2130 | D:3      | Slain by an orc wizard

Vault maps used:
D:1:      zaba_arrival_water
D:2:      dancing_weapons_uskayaw, okawaru_trees_1, grunt_ministairs_11,
          nicolae_ru_great_annihilating_truth, uniq_robin
D:3:      minivault_27, uniq_grinder, uniq_terence

Skill      XL: |  1  2  3  4 |
---------------+-------------+-----
Axes           | 3 4 |  4.0
Dodging        | 3 |  3.2
Fighting       | |  2.4
Throwing       | |  1.8
Armour         | |  0.6
Shields        | |  0.2

Action                   |  1- 3 |  4- 6 || total
-------------------------+-------+-------++-------
Melee: War axe           |    85 |    35 ||   120
  Use: Potion            |       |     3 ||     3
 Stab: Paralysed         |       |     1 ||     1
  Eat: Chunk             |       |     3 ||     3
Armor: Leather armour    |    30 |    11 ||    41
       Ring mail         |       |     6 ||     6
Dodge: Dodged            |    75 |    34 ||   109
Block: Buckler           |    13 |     4 ||    17

Table legend:
 A = Spawn XP
 B = Non-spawn XP
 C = Spawn XP percentage of total XP
 D = Spawn monster count
 E = Non-spawn monster count
 F = Spawn count percentage of total count
 G = Total turns spent on level
                    A         B        C        D         E        F      G
               +---------+---------+-------+---------+---------+-------+---------
         Total |       0 |     136 |   0.0 |       0 |      55 |   0.0 |  2130
               +---------+---------+-------+---------+---------+-------+---------
           D:1 |       0 |      37 |   0.0 |       0 |      22 |   0.0 |  1001
           D:2 |       0 |      89 |   0.0 |       0 |      28 |   0.0 |   993
           D:3 |       0 |      10 |   0.0 |       0 |       5 |   0.0 |   136
               +---------+---------+-------+---------+---------+-------+---------
